AoeStats
← RagnarLothbrok

Arena

509351741Analyzed
4v4 RM · 5d ago on Sep 26, 2026· 33m 40s· 8 players
Game mode
Random Map
Map size
Large (8 player)
Population
200
Speed
Normal
Resources
Standard
Victory
Conquest
Starting age
Dark Age
Ending age
Imperial Age
RankedLock teamsTeams togetherTeam positionsShared explorationLock speedFull tech treeHidden civsTurbo modeCheats
Victory
Defeat
🇨🇳 Varangians · China
1507
+13
🇨🇳 Romans · China
1399
+17
🇨🇳 Hindustanis · China
1320
+20
🇨🇳 Bohemians · China
1172
+26
🇹🇼 Wei · Taiwan
1464
-21
🇨🇳 Koreans · China
1425
-19
🇦🇷 Saxons · Argentina
1400
-18
🇻🇪 Mongols · Venezuela
1389
-18
|MP| layc0ni
6:03 Loom
8:14 Feudal Age
9:01 Double-Bit Axe
11:27 Fletching
18:03 Wheelbarrow
20:01 Castle Age
19:45 Horse Collar
20:41 Bodkin Arrow
21:41 Guard Tower
25:57 Ballistics
31:00 Imperial Age
28:54 Masonry
28:50 Herbal Medicine
29:15 Gold Mining
30:43 Bow Saw
30:35 Heavy Plow
31:51 Bracer
RagnarLothbrok
11:07 Feudal Age
14:53 Castle Age
13:05 Double-Bit Axe
13:00 Horse Collar
15:45 Bow Saw
15:39 Heavy Plow
17:04 Loom
17:41 Loom
21:22 Wheelbarrow
21:53 Gold Mining
24:27 Gold Shaft Mining
23:44 Stone Mining
24:45 Hand Cart
29:08 Imperial Age
28:00 Stone Shaft Mining
28:25 Fletching
29:13 Bodkin Arrow
29:18 Padded Archer Armor
29:45 Ballistics
30:06 Bracer
31:08 Chemistry
30:18 Masonry
30:01 Loom
30:02 Town Watch
29:49 Capped Ram
31:17 Leather Archer Armor
31:57 Thumb Ring
32:18 Parthian Tactics
31:54 Husbandry
32:05 Bloodlines
32:30 Siege Ram
BaiKai AOE
10:01 Feudal Age
13:58 Castle Age
12:08 Double-Bit Axe
12:35 Horse Collar
15:13 Scale Barding Armor
15:19 Forging
16:29 Bow Saw
19:07 Heavy Plow
20:16 Loom
23:37 Wheelbarrow
23:42 Gold Mining
24:23 Stone Mining
26:11 Hand Cart
26:27 Fletching
26:38 Padded Archer Armor
27:16 Gold Shaft Mining
27:17 Bloodlines
27:08 Husbandry
27:11 Bodkin Arrow
27:48 Town Watch
28:45 Thumb Ring
32:04 Imperial Age
30:09 Fortified Wall
31:41 Ballistics
32:05 Leather Archer Armor
32:11 Chain Barding Armor
32:49 Bracer
33:19 Parthian Tactics
34:41 Chemistry
crux_dy164
5:40 Loom
8:19 Feudal Age
11:15 Fletching
15:25 Double-Bit Axe
16:27 Town Watch
18:08 Wheelbarrow
20:49 Castle Age
19:43 Horse Collar
21:28 Bodkin Arrow
22:53 Hand Cart
24:55 Bow Saw
31:42 Imperial Age
31:11 Treadmill Crane
31:42 Masonry
33:31 Chemistry
32:58 Conscription
赶脚的柠檬头
8:59 Loom
11:18 Feudal Age
15:52 Castle Age
14:34 Double-Bit Axe
25:28 Wheelbarrow
25:33 Horse Collar
29:15 Bow Saw
32:43 Imperial Age
31:27 Hand Cart
31:01 Town Watch
31:27 Fletching
32:25 Elite Skirmisher
33:02 Bodkin Arrow
小花花
8:46 Loom
11:24 Feudal Age
17:24 Castle Age
23:21 Fletching
25:02 Double-Bit Axe
26:32 Bodkin Arrow
06老玩家回归
9:33 Feudal Age
13:25 Castle Age
11:49 Double-Bit Axe
11:46 Horse Collar
21:07 Wheelbarrow
21:42 Bow Saw
26:21 Imperial Age
24:21 Scale Mail Armor
24:31 Forging
24:13 Loom
24:28 Pikeman
25:36 Gold Mining
25:37 Stone Mining
26:57 Hand Cart
26:50 Squires
27:08 Chain Mail Armor
27:28 Iron Casting
26:26 Halberdier
27:35 Capped Ram
28:42 Man-at-Arms
31:42 Heavy Plow
31:53 Heavy Scorpion
33:28 Siege Ram
93老玩家回归
10:00 Feudal Age
13:58 Castle Age
12:03 Double-Bit Axe
12:41 Horse Collar
16:09 Wheelbarrow
28:55 Imperial Age
26:42 Hand Cart
26:12 Loom
26:13 Town Watch
26:23 Gold Mining
26:46 Bow Saw
26:41 Heavy Plow
27:25 Scale Barding Armor
27:30 Forging
27:12 Fletching
27:37 Husbandry
28:43 Chain Barding Armor
28:38 Bloodlines
29:22 Gold Shaft Mining
28:42 Stone Mining
29:06 Grand Trunk Road
29:58 Iron Casting
29:09 Heavy Camel Rider
31:06 Chemistry
31:07 Imperial Camel Rider
33:29 Conscription
33:23 Masonry
33:35 Ballistics
33:20 Siege Engineers
Connection lost

Rejoining the realm…

Still unreachable

The connection could not be restored.

Session expired

The server has moved on; the page needs a fresh start.